 Dungeon Crawl Stone Soup version 0.28.0 (webtiles) character file.

Game seed: 1622377402103674149

60 lonewolfV2 the Covered (level 3, 0/33 HPs)
             Began as a Minotaur Fighter on Feb 10, 2022.
             Slain by a gnoll (4 damage)
             ... on level 2 of the Dungeon.
             The game lasted 00:01:11 (1351 turns).

lonewolfV2 the Covered (Minotaur Fighter)           Turns: 1351, Time: 00:01:12

Health: 0/33       AC:  7    Str: 22    XL:     3   Next: 82%
Magic:  2/2        EV:  9    Int:  5    God:
Gold:   62         SH:  4    Dex:  9    Spells: 2/2 levels left

rFire   . . .      SeeInvis .   a - +0 war axe
rCold   . . .      Faith    .   c - +0 buckler
rNeg    . . .      Spirit   .   b - +0 scale mail
rPois   .          Reflect  .   (helmet restricted)
rElec   .          Harm     .   (no cloak)
rCorr   .          Rampage  .   (no gloves)
Will    .....                   (no boots)
Stlth   ..........              (no amulet)
HPRegen 0.11/turn               (no ring)
MPRegen 0.08/turn               (no ring)

@: no status effects
A: horns 2, retaliatory headbutt
a: no special abilities


You were on level 2 of the Dungeon.
You visited 1 branch of the dungeon, and saw 2 of its levels.

You collected 62 gold pieces.

Inventory:

Hand Weapons
 a - a +0 war axe (weapon)
Armour
 b - a +0 scale mail (worn)
 c - a +0 buckler (worn)
Scrolls
 e - a scroll of holy word
 f - a scroll of summoning {unknown}
Potions
 d - a potion of might


   Skills:
 + Level 3.8 Fighting
 + Level 3.7 Axes
 + Level 4.4 Armour
 + Level 0.7 Dodging
 + Level 0.1 Stealth
 + Level 3.8 Shields


You had 2 spell levels left.
You didn't know any spells.
Your spell library was empty.

Dungeon Overview and Level Annotations

Branches:
Dungeon (2/15)

Altars:


Innate Abilities, Weirdness & Mutations

You have a pair of horns on your head.
You reflexively headbutt those who attack you in melee.


Message History

The gnoll shouts! x2
A gnoll comes into view. It is wielding a +0 whip.
The gnoll moves out of view. x2
A gnoll is nearby!
A gnoll is nearby!
The gnoll shouts!
A gnoll comes into view. It is wielding a +2 spear of pain.
The gnoll shouts!
The gnoll hits you with a +0 club.
You hit the gnoll. You headbutt the gnoll!
The gnoll is severely wounded.
The gnoll barely misses you.
You barely miss the gnoll.
The gnoll is severely wounded.
You slash the gnoll!
The gnoll is severely wounded.
You block the gnoll's attack.
You slash the gnoll!
You kill the gnoll!
You hit the gnoll but do no damage. You headbutt the gnoll.
You kill the gnoll!
You hit the gnoll but do no damage. Your headbutt misses the gnoll.
The gnoll hits you with a +0 whip. The gnoll hits you but does no damage.
The gnoll hits you with a +0 whip.
You hit the gnoll.
You headbutt the gnoll, but do no damage.
The gnoll is heavily wounded.
The gnoll closely misses you. The gnoll hits you with a +0 whip.
You closely miss the gnoll.
The gnoll is heavily wounded.
The gnoll hits you from afar with a +2 spear of pain.
You writhe in agony.
The gnoll hits you with a +0 whip. The gnoll hits you but does no damage.
You barely miss the gnoll.
The gnoll is heavily wounded.
The gnoll hits you with a +0 whip.
The gnoll hits you from afar with a +2 spear of pain!
* * * LOW HITPOINT WARNING * * *
The gnoll hits you with a +0 whip.
You die...

#...........#
#...........#
#...........#####
#...............#
##########.####.#
.............# .
.######.####.....
.######.####..###
.........@gg.....
........#####.###
........#
........#
........#
.########


You could see 2 gnolls.

Vanquished Creatures
  2 gnolls (D:2)
  4 ball pythons (D:1)
  A bat (D:1)
  5 endoplasms
  4 giant cockroaches (D:1)
  2 goblins (D:1)
  7 hobgoblins (D:1)
  2 quokkas (D:1)
  3 frilled lizards (D:1)
  2 kobolds (D:1)
  5 rats (D:1)
37 creatures vanquished.

Notes
Turn   | Place    | Note
-------+----------+-------------------------------------------
     0 | D:1      | lonewolfV2 the Minotaur Fighter began the quest for the
                  | Orb.
     0 | D:1      | Reached XP level 1. HP: 19/19 MP: 0/0
   565 | D:1      | Found a faded altar of an unknown god.
   580 | D:1      | Reached XP level 2. HP: 27/27 MP: 1/1
   918 | D:1      | Reached skill level 4 in Armour
  1017 | D:1      | Reached XP level 3. HP: 24/33 MP: 2/2
  1351 | D:2      | Slain by a gnoll

Illustrated notes

Levels and vault maps discovered:
D:1:      doesnt_arrival_eight_statues, layout_basic,
          shapermc_ecumenical_altar_mp_vishouse, minmay_heptomino_w4
D:2:      layout_basic

Skill      XL: |  1  2 |
---------------+-------+-----
Axes           | 3 |  3.7
Armour         | 4 |  4.4
Fighting       | |  3.8
Dodging        | |  0.7
Stealth        | |  0.1
Shields        | |  3.8

Action                   || total
-------------------------++-------
Melee: War axe           ||    74
       Headbutt          ||    10
  Use: Scroll            ||     1
Armor: Scale mail        ||    53
Dodge: Dodged            ||    60
Block: Buckler           ||    25
